 Dungeon Sprint DCSS version 0.26-a0-652-gafc20e3620 (webtiles) character file.

Game seed: 7917200588898992781

27 Conn the Ducker (level 3, -3/23 HPs)
             Began as a Kobold Warper on Oct 2, 2020.
             Splashed by a jelly's acid (5 damage)
             ... in the Dungeon (Sprint I: "Red Sonja").
             The game lasted 00:07:26 (482 turns).

Conn the Ducker (Kobold Warper)                      Turns: 482, Time: 00:07:27

Health: -3/23      AC:  0    Str:  8    XL:     3   Next: 25%
Magic:  8/8        EV: 15    Int: 15    God:
Gold:   270        SH:  0    Dex: 14    Spells: 4/9 levels left

rFire    . . .     SeeInvis .     - Unarmed
rCold    . . .     Faith    .   (shield restricted)
rNeg     . . .     Spirit   .   a - +0 leather armour
rPois    .         Reflect  .   (no helmet)
rElec    .         Harm     .   (no cloak)
rCorr    .         Rampage  .   (no gloves)
MR       .....     NoTele   +   (no boots)
Stlth    ++........             (no amulet)
HPRegen  0.07/turn              (no ring)
MPRegen  0.11/turn              (no ring)

@: corroded
A: small, nightstalker 3
a: no special abilities


You were in the Dungeon.
You visited 1 branch You collected 270 gold pieces.

Inventory:

Hand Weapons
 i - a +0 club
Armour
 a - a +0 leather armour (worn)
 d - a +0 ring mail
Scrolls
 c - 2 scrolls of blinking
Potions
 h - 3 potions of magic


   Skills:
 + Level 3.5 Fighting
 + Level 1.9 Throwing
 + Level 1.2 Armour
 + Level 4.0 Dodging
 + Level 3.3 Unarmed Combat
 + Level 3.5 Spellcasting
 + Level 3.0 Translocations


You had 4 spell levels left.
You knew the following spells:

 Your Spells              Type           Power        Failure   Level
a - Blink                 Tloc           N/A          12%         2
b - Teleport Other        Tloc           ##......     24%         3

Your spell library contained the following spells:

 Spells                   Type           Power        Failure   Level
 Gell's Gravitas          Tloc           ##........   24%         3
 Lesser Beckoning         Tloc           ##........   24%         3
 Passage of Golubria      Tloc           N/A          61%         4


Dungeon Overview and Level Annotations

Branches:
Dungeon (1/1)

Altars:
Makhleb
Sif Muna
Vehumet
Wu Jian
Xom
Jiyva
Lugonu

Annotations:
D Sigmund


Innate Abilities, Weirdness & Mutations

You are small and have problems with some larger weapons.
You are completely attuned to the shadows.


Message History

h - 3 potions of magic (gained 1)
There is an ornate altar of the Wu Jian Council here.
The helpless jelly fails to defend itself.
You hit the jelly.
Your hands burn!
The jelly is lightly wounded.
The jelly completely misses you.
You hit the jelly. The acid corrodes you!
Your hands burn!
The jelly is heavily wounded.
The jelly hits you.
You are splashed with acid!
You hit the jelly.
Your hands burn!
* * * LOW HITPOINT WARNING * * *
The jelly is severely wounded.
The jelly closely misses you.
Unknown command.
You hit the jelly but do no damage.
Your hands burn!
* * * LOW HITPOINT WARNING * * *
The jelly is severely wounded.
The jelly completely misses you.
You hit the jelly.
Your hands burn!
You die...

#########################
#<.#..'..#..'..#__#..+..K
#..'..#..'..#..'^.'..#.G
#..#####'#####'#__####
#..# #..# #(#### #..#
#### ##.# #..# #+#_.+
#⌠⌠# +.@._# #### #_J#+#
##+#


You could see a jelly.

Vanquished Creatures
  Ijyb (D)
1 creature vanquished.

Vanquished Creatures (others)
  An ogre (D)
1 creature vanquished.

Grand Total: 2 creatures vanquished

Notes
Turn   | Place    | Note
-------+----------+-------------------------------------------
     0 | D        | Conn the Kobold Warper began the quest for the Orb.
     0 | D        | Reached XP level 1. HP: 12/12 MP: 3/3
     1 | D        | Noticed Ijyb
    26 | D        | Killed Ijyb
    26 | D        | Reached skill level 1 in Armour
    26 | D        | Reached skill level 4 in Dodging
    26 | D        | Reached XP level 2. HP: 17/19 MP: 3/6
    26 | D        | Reached XP level 3. HP: 21/23 MP: 4/8
   142 | D        | Learned a level 2 spell: Blink
   146 | D        | Learned a level 3 spell: Teleport Other
   146 | D        | Noticed an ogre
   304 | D        | Noticed Sigmund
   334 | D        | Found a burning altar of Makhleb.
   339 | D        | Found a shimmering altar of Xom.
   339 | D        | Noticed a slime creature
   340 | D        | Found a viscous altar of Jiyva.
   340 | D        | Found a corrupted altar of Lugonu.
   367 | D        | Killed an ogre
   455 | D        | Noticed a floating eye
   456 | D        | Noticed a kobold demonologist
   471 | D        | Found an ornate altar of the Wu Jian Council.
   472 | D        | Found a shimmering blue altar of Sif Muna.
   473 | D        | Found a radiant altar of Vehumet.
   482 | D        | Splashed by a jelly's acid

Illustrated notes

Levels and vault maps discovered:
D:        dungeon_sprint_1 [red_sonja_temple_1, red_sonja_temple_small_1]

Skill      XL: |  1 |
---------------+----+-----
Fighting       | 3 |  3.5
Armour         | 1 |  1.2
Dodging        | 4 |  4.0
Unarmed Combat | 3 |  3.3
Spellcasting   | 3 |  3.5
Throwing       | |  1.9
Translocations | |  3.0

Action                   || total
-------------------------++-------
Melee: Unarmed           ||    35
Throw: Boomerang         ||     5
 Cast: Teleport Other    ||     4
  Use: Potion            ||     5
 Stab: Sleeping          ||     1
Dodge: Dodged            ||    24

Table legend: (Time is in decaauts)
 A = Elapsed time spent in this place.
 B = Non-inter-level travel time spent in this place.
 C = Inter-level travel time spent in this place.
 D = Time resting spent in this place.
 E = Time spent auto-exploring this place.
 F = Levels seen in this place.
 G = Mean time per level.
                   A        B        C        D        E       F      G
               +--------+--------+--------+--------+--------+-----+--------+
         Total |    469 |    469 |      0 |    273 |      0 |   1 |  469.0 |
       Dungeon |    469 |    469 |      0 |    273 |      0 |   1 |  469.0 |
               +--------+--------+--------+--------+--------+-----+--------+

Top non-repeatable levels by time:
       D: 469 daAuts
